 Dungeon Crawl Stone Soup version 0.30-a0-1016-gfb0d676c02 (webtiles) character file.

Game seed: 16353764727349729232

16 Nerbie the Firebug (level 2, -2/19 HPs)
             Began as a Human Fire Elementalist on Apr 6, 2023.
             Slain by a jackal (3 damage)
             ... on level 2 of the Dungeon.
             The game lasted 00:06:33 (749 turns).

Nerbie the Firebug (Human Fire Elementalist)         Turns: 749, Time: 00:06:33

Health: -2/19      AC:  3    Str:  8    XL:     2   Next: 70%
Magic:  5/5        EV: 11    Int: 15    God:
Gold:   54         SH:  0    Dex: 13    Spells: 4/5 levels left

rFire   . . .      SeeInvis .    d - +3 rapier
rCold   . . .      Faith    .    (no shield)
rNeg    . . .      Spirit   .    e - +0 leather armour
rPois   .          Reflect  .    (no helmet)
rElec   .          Rampage  .    (no cloak)
rCorr   .                        (no gloves)
Will    .....                    (no boots)
Stlth   ++                       (no amulet)
HPRegen 0.23/turn                (no ring)
MPRegen 0.09/turn                (no ring)

@: no status effects
A: no striking features
a: no special abilities


You were on level 2 of the Dungeon.
You visited 1 branch of the dungeon, and saw 2 of its levels.

You collected 54 gold pieces.

Inventory:

Hand Weapons
 d - a +3 rapier (weapon)
Armour
 a - a +0 robe
 e - a +0 leather armour (worn)
Jewellery
 h - a ring of resist corrosion
Scrolls
 c - a scroll of immolation {unknown}
 f - a scroll of enchant weapon {unknown}
 g - 3 scrolls of summoning {unknown}


   Skills:
 + Level 0.2 Armour
 + Level 2.0 Dodging
 + Level 2.3 Stealth
 + Level 2.0 Spellcasting
 + Level 1.1 Conjurations
 + Level 3.5 Fire Magic


You had 4 spell levels left.
You knew the following spells:

 Your Spells              Type           Power      Damage    Failure   Level
a - Foxfire               Conj/Fire      32%        2x1d5     12%         1

Your spell library contained the following spells:

 Spells                   Type           Power      Damage    Failure   Level
 Scorch                   Fire           24%        2d6       11%         2
 Inner Flame              Hex/Fire       6%         N/A       41%         3
 Volatile Blastmotes      Fire/Tloc      12%        2d11      41%         3
 Flame Wave               Conj/Fire      8%         2d5       77%         4


Dungeon Overview and Level Annotations

Branches:
Dungeon (2/15)

Altars:


Message History

You barely miss the jackal. The jackal bites you. x2
* * * LOW HITPOINT WARNING * * *
The jackal bites you.
* * * LOW HITPOINT WARNING * * *
The jackal barely misses you. Magic courses through your body.
The jackal bites you but does no damage.
The jackal bites you.
* * * LOW HITPOINT WARNING * * *
You are too injured to fight recklessly!
You are too injured to fight recklessly!
You are too injured to fight recklessly!
You are too injured to fight recklessly!
You are too injured to fight recklessly!
You puncture the jackal!
You kill the jackal!
The jackal bites you but does no damage.
The jackal closely misses you. x2
You puncture the jackal!
You kill the jackal!
The jackal bites you but does no damage.
The jackal closely misses you. The jackal barely misses you.
You see here a jackal corpse.
You barely miss the jackal.
The jackal is almost dead.
The jackal closely misses you. The jackal bites you.
* * * LOW HITPOINT WARNING * * *
You hit the jackal but do no damage.
The jackal is almost dead.
The jackal bites you.
* * * LOW HITPOINT WARNING * * *
The jackal closely misses you.
You hit the jackal but do no damage.
The jackal is almost dead.
The jackal misses you.
You completely miss the jackal.
The jackal is almost dead.
The jackal closely misses you. The jackal bites you.
You die...

#.#........
#.#.#####.# .# #.#h#
#.# .# #.#.# #.# .#
# #.#h# #.# .#
#.#.#.# #.# .#
#.##.#.#.# #.# .#
#......#.#####.##.#
+####...........@..#
....############h###
....'...<........#
....##############
....# ....# ....#
....# ....#


You could see a jackal.

Vanquished Creatures
  2 endoplasms (D:1)
  6 jackals
  2 kobolds (D:1)
  A quokka (D:1)
  A ball python (D:1)
  A frilled lizard (D:1)
13 creatures vanquished.

Vanquished Creatures (others)
  14 foxfires (D:1)
14 creatures vanquished.

Grand Total: 27 creatures vanquished

Notes
Turn   | Place    | Note
-------+----------+-------------------------------------------
     0 | D:1      | Nerbie the Human Fire Elementalist began the quest for the
                  | Orb.
     0 | D:1      | Reached XP level 1. HP: 13/13 MP: 3/3
   297 | D:1      | Reached XP level 2. HP: 19/19 MP: 3/5
   749 | D:2      | Slain by a jackal

Illustrated notes

Levels and vault maps discovered:
D:1:      amcnicky_arrival_abandoned_market, layout_rooms,
          shapermc_ecumenical_altar_mp_ritualfount
D:2:      layout_basic, basic_altar, uniq_robin

Action                     || total
---------------------------++-------
  Melee: Rapier            ||    27
   Cast: Foxfire           ||    10
    Use: Potion            ||     1
   Stab: Sleeping          ||     2
 Armour: Robe              ||     5
         Leather armour    ||     9
  Dodge: Dodged            ||    37

Table legend: (Time is in decaauts)
 A = Elapsed time spent in this place.
 B = Non-inter-level travel time spent in this place.
 C = Inter-level travel time spent in this place.
 D = Time resting spent in this place.
 E = Time spent auto-exploring this place.
 F = Levels seen in this place.
 G = Mean time per level.
                   A        B        C        D        E       F      G
               +--------+--------+--------+--------+--------+-----+--------+
         Total |    752 |    705 |     47 |    100 |    130 |   2 |  376.0 |
       Dungeon |    752 |    705 |     47 |    100 |    130 |   2 |  376.0 |
               +--------+--------+--------+--------+--------+-----+--------+

Top non-repeatable levels by time:
     D:1: 659 daAuts
     D:2: 93 daAuts
